 Dungeon Crawl Stone Soup version 0.23.0 (webtiles) character file.

Game seed: 2488293647600788827

188 Monsterracer the Thrower (level 5, -2/43 HPs)
             Began as a Gnoll Hunter on Feb 13, 2019.
             Slain by a phantom (5 damage)
             ... on level 4 of the Dungeon.
             The game lasted 00:04:03 (2819 turns).

Monsterracer the Thrower (Gnoll Hunter)             Turns: 2819, Time: 00:04:04

Health: -2/43      AC:  7    Str: 15    XL:     5   Next: 67%
Magic:  7/7        EV: 12    Int: 13    God:
Gold:   77         SH:  8    Dex: 16    Spells: 7/7 levels left

rFire    . . .     SeeInvis .   b - +0 spear
rCold    + . .     Gourm    .   k - +0 shield
rNeg     . . .     Faith    .   m - +0 ring mail
rPois    .         Spirit   .   q - +0 helmet
rElec    .         Reflect  .   o - +0 cloak
rCorr    .         Harm     .   (no gloves)
MR       .....                  (no boots)
Stlth    ++........             (no amulet)
HPRegen  0.14/turn              C - ring of protection from cold {!d}
MPRegen  0.10/turn              j - +1 ring of evasion

@: no status effects
A: distributed training, fangs 1, strong nose
a: no special abilities


You were on level 4 of the Dungeon.
You were not hungry.

You visited 1 branch of the dungeon, and saw 4 of its levels.

You collected 77 gold pieces.

Inventory:

Hand Weapons
 a - a +1 dagger of venom
 b - a +0 spear (weapon)
Missiles
 d - 2 throwing nets {!f}
 i - 11 javelins (quivered)
Armour
 k - a +0 shield (worn)
 m - a +0 ring mail (worn)
 o - a +0 cloak (worn)
 q - a +0 helmet (worn)
Jewellery
 j - a +1 ring of evasion (right hand)
 C - a ring of protection from cold (left hand) {!d}
 S - an uncursed ring of see invisible
Scrolls
 t - a scroll of teleportation {!r}
Potions
 e - 2 potions of curing
 f - a potion of flight {unknown}
 g - a potion of mutation {!q}
 h - a potion of ambrosia {!q}
 l - a potion of might
Comestibles
 c - 7 rations


   Skills:
 + Level 4.8 Fighting
 + Level 1.5 Short Blades
 + Level 1.5 Long Blades
 + Level 1.5 Axes
 + Level 1.5 Maces & Flails
 + Level 1.5 Polearms
 + Level 1.5 Staves
 + Level 1.5 Slings
 + Level 1.5 Bows
 + Level 1.5 Crossbows
 + Level 8.6 Throwing
 + Level 1.5 Armour
 + Level 4.8 Dodging
 + Level 2.8 Stealth
 + Level 1.5 Shields
 + Level 1.5 Unarmed Combat
 + Level 1.5 Spellcasting
 + Level 1.2 Conjurations
 + Level 1.2 Hexes
 + Level 1.2 Charms
 + Level 1.2 Summonings
 + Level 1.2 Necromancy
 + Level 1.2 Translocations
 + Level 1.2 Transmutations
 + Level 1.2 Fire Magic
 + Level 1.2 Ice Magic
 + Level 1.2 Air Magic
 + Level 1.2 Earth Magic
 + Level 1.2 Poison Magic
 + Level 1.7 Invocations
 + Level 1.5 Evocations


You had 7 spell levels left.
You didn't know any spells.
Your spell library was empty.

Dungeon Overview and Level Annotations

Branches:
Dungeon (4/15)
 Temple: D:4-7

Altars:
Elyvilon


Innate Abilities, Weirdness & Mutations

Your experience applies equally to all skills.
You have very sharp teeth.
Your uncanny sense of smell can sniff out nearby items.


Message History

Aim: a phantom (heavily damaged)
You hit the phantom.
The phantom is heavily damaged.
You block the phantom's attack.
Attack whom?
Press: ? - help, Dir - move target cursor, f/p - phantom
Aim: a phantom (heavily damaged)
You barely miss the phantom.
The phantom is heavily damaged.
The phantom hits you.
* * * LOW HITPOINT WARNING * * *
The phantom blinks!
You take 6 damage, and have 9/43 hp.
Unknown command.
Attack whom?
Press: ? - help, Dir - move target cursor, f/p - phantom
Aim: a phantom (heavily damaged)
You hit the phantom.
The phantom is heavily damaged.
The phantom barely misses you.
The phantom hits you but does no damage.
Attack whom?
Press: ? - help, Dir - move target cursor, f/p - phantom
Aim: a phantom (heavily damaged)
You hit the phantom but do no damage.
The phantom is heavily damaged.
You block the phantom's attack.
Attack whom?
Press: ? - help, Dir - move target cursor, f/p - phantom
Aim: a phantom (heavily damaged)
You hit the phantom. You bite the phantom, but do no damage.
The phantom is severely damaged.
The phantom hits you.
* * * LOW HITPOINT WARNING * * *
You take 3 damage, and have 6/43 hp.
The phantom blinks!
There is a white marble altar of Elyvilon here.
The phantom blinks!
Attack whom?
Press: ? - help, Dir - move target cursor, f/p - phantom
Aim: a phantom (severely damaged)
You reach to attack!
You hit the phantom.
The phantom is severely damaged.
The phantom blinks!
The phantom blinks!
Attack whom?
Press: ? - help, Dir - move target cursor, f/p - phantom
Aim: a phantom (severely damaged)
You reach to attack!
You closely miss the phantom.
The phantom is severely damaged.
The phantom blinks!
Attack whom?
Press: ? - help, Dir - move target cursor, f/p - phantom
Aim: a phantom (severely damaged)
You reach to attack!
You closely miss the phantom.
The phantom is severely damaged.
The phantom blinks!
Attack whom?
Press: ? - help, Dir - move target cursor, f/p - phantom
Aim: a phantom (severely damaged)
You reach to attack!
Your ring mail prevents you from hitting the phantom.
The phantom is severely damaged.
The phantom blinks!
Attack whom?
Press: ? - help, Dir - move target cursor, f/p - phantom
Aim: a phantom (severely damaged)
You hit the phantom.
The phantom is severely damaged.
The phantom hits you!
* * * LOW HITPOINT WARNING * * *
You take 8 damage, and have 2/43 hp.
The phantom blinks!
The phantom blinks!
The phantom blinks!
You block the phantom's attack.
You hit the phantom.
The phantom is severely damaged.
The phantom hits you but does no damage.
Your shield and ring mail prevent you from hitting the phantom.
The phantom is severely damaged.
The phantom blinks!
Attack whom?
Press: ? - help, Dir - move target cursor, f/p - phantom
Aim: a phantom (severely damaged)
You reach to attack!
You miss the phantom.
The phantom is severely damaged.
Attack whom?
Press: ? - help, Dir - move target cursor, f/p - phantom
Aim: a phantom (severely damaged)
You closely miss the phantom.
The phantom is severely damaged.
You block the phantom's attack.
Attack whom?
Press: ? - help, Dir - move target cursor, f/p - phantom
Aim: a phantom (severely damaged)
You hit the phantom.
The phantom is almost destroyed.
The phantom hits you.
You die...

#.# .........
##.########........ ∆
#..................
#.####.####........ ..
#.##.....##........
....####.#.......#........
.........#.......#........
...####......_....†.......
##.#@W.....#........
#.#.......#.......#
#.##.....##..######
#.####.####..#
#............#
#######......# ########


You could see a phantom.

Vanquished Creatures
  Natasha (D:2)
  A worker ant (D:4)
  Robin (D:2)
  2 adders
  2 oozes
  3 worms
  3 dart slugs (D:1)
  5 leopard geckos
  5 bats
  5 giant cockroaches
  8 hobgoblins
  8 jackals
  2 quokkas
  3 ball pythons
  5 frilled lizards
  12 goblins
  7 kobolds
  3 rats
76 creatures vanquished.

Notes
Turn   | Place    | Note
-------+----------+-------------------------------------------
     0 | D:1      | Monsterracer the Gnoll Hunter began the quest for the Orb.
     0 | D:1      | Reached XP level 1. HP: 20/20 MP: 1/1
    50 | D:1      | Reached XP level 2. HP: 22/26 MP: 2/2
   614 | D:1      | Reached XP level 3. HP: 26/31 MP: 3/3
  1195 | D:2      | Reached skill level 1 in Invocations
  1408 | D:2      | Noticed Natasha
  1417 | D:2      | Killed Natasha
  1417 | D:2      | Reached skill level 1 in Short Blades
  1417 | D:2      | Reached skill level 1 in Long Blades
  1417 | D:2      | Reached skill level 1 in Axes
  1417 | D:2      | Reached skill level 1 in Maces & Flails
  1417 | D:2      | Reached skill level 1 in Polearms
  1417 | D:2      | Reached skill level 1 in Staves
  1417 | D:2      | Reached skill level 1 in Slings
  1417 | D:2      | Reached skill level 1 in Bows
  1417 | D:2      | Reached skill level 1 in Crossbows
  1417 | D:2      | Reached skill level 1 in Armour
  1417 | D:2      | Reached skill level 1 in Shields
  1417 | D:2      | Reached skill level 1 in Unarmed Combat
  1417 | D:2      | Reached skill level 1 in Spellcasting
  1417 | D:2      | Reached skill level 1 in Evocations
  1417 | D:2      | Reached XP level 4. HP: 28/38 MP: 5/5
  1541 | D:2      | Noticed Robin
  1559 | D:2      | Killed Robin
  1559 | D:2      | Reached skill level 1 in Conjurations
  1559 | D:2      | Reached skill level 1 in Hexes
  1559 | D:2      | Reached skill level 1 in Charms
  1559 | D:2      | Reached skill level 1 in Summonings
  1559 | D:2      | Reached skill level 1 in Necromancy
  1559 | D:2      | Reached skill level 1 in Translocations
  1559 | D:2      | Reached skill level 1 in Transmutations
  1559 | D:2      | Reached skill level 1 in Fire Magic
  1559 | D:2      | Reached skill level 1 in Ice Magic
  1559 | D:2      | Reached skill level 1 in Air Magic
  1559 | D:2      | Reached skill level 1 in Earth Magic
  1559 | D:2      | Reached skill level 1 in Poison Magic
  2005 | D:2      | Reached XP level 5. HP: 43/43 MP: 6/6
  2720 | D:4      | Found a white marble altar of Elyvilon.
  2730 | D:4      | Noticed a phantom
  2766 | D:4      | HP: 21/43 [phantom (5)]
  2775 | D:4      | HP: 14/43 [phantom (8)]
  2781 | D:4      | HP: 9/43 [phantom (6)]
  2809 | D:4      | HP: 2/43 [phantom (8)]
  2819 | D:4      | Slain by a phantom

Skill      XL: |  1  2  3  4 |
---------------+-------------+-----
Invocations    | 1 |  1.7
Short Blades   | 1 |  1.5
Long Blades    | 1 |  1.5
Axes           | 1 |  1.5
Maces & Flails | 1 |  1.5
Polearms       | 1 |  1.5
Staves         | 1 |  1.5
Slings         | 1 |  1.5
Bows           | 1 |  1.5
Crossbows      | 1 |  1.5
Armour         | 1 |  1.5
Shields        | 1 |  1.5
Unarmed Combat | 1 |  1.5
Spellcasting   | 1 |  1.5
Evocations     | 1 |  1.5
Conjurations   | 1 |  1.2
Hexes          | 1 |  1.2
Charms         | 1 |  1.2
Summonings     | 1 |  1.2
Necromancy     | 1 |  1.2
Translocations | 1 |  1.2
Transmutations | 1 |  1.2
Fire Magic     | 1 |  1.2
Ice Magic      | 1 |  1.2
Air Magic      | 1 |  1.2
Earth Magic    | 1 |  1.2
Poison Magic   | 1 |  1.2
Fighting       | |  4.8
Throwing       | |  8.6
Dodging        | |  4.8
Stealth        | |  2.8

Action                   |  1- 3 |  4- 6 || total
-------------------------+-------+-------++-------
Melee: Short sword       |    19 |       ||    19
       Bite              |     7 |    24 ||    31
       Spear             |    23 |    36 ||    59
       Dagger            |    37 |   125 ||   162
Throw: Javelin           |    18 |       ||    18
  Use: Scroll            |     2 |     6 ||     8
 Stab: Sleeping          |     3 |     4 ||     7
       Distracted        |     1 |       ||     1
  Eat: Chunk             |     2 |     4 ||     6
Armor: Leather armour    |    11 |       ||    11
       Ring mail         |     6 |    51 ||    57
Dodge: Dodged            |    30 |    69 ||    99
Block: Shield            |    19 |    62 ||    81

Levels and vault maps discovered:
D:1:      lightli_arrival_statuegarden, layout_basic, minivault_14
D:2:      layout_loops_ring, uniq_natasha, uniq_robin
D:3:      layout_rooms, first_ration
D:4:      layout_rooms, old_standard_altar, minivault_25, minmay_diced_spiral,
          uniq_pikel, uniq_crazy_yiuf_cottage, uniq_purgy
